 Dungeon Crawl Stone Soup version 0.26-a0-200-g62faa89a7e (webtiles) character file.

Game seed: 3799435057565265849

2913 Gargoyl the Covered (level 9, 0/73 HPs)
             Began as a Centaur Abyssal Knight on July 5, 2020.
             Was a Believer of Lugonu.
             Slain by a hornet (8 damage)
             ... while paralysed by a hornet
             ... on level 7 of the Dungeon.
             The game lasted 00:14:48 (9785 turns).

Gargoyl the Covered (Centaur Abyssal Knight)        Turns: 9785, Time: 00:14:49

Health: 0/73       AC: 17    Str: 17    XL:     9   Next: 49%
Magic:  13/13      EV:  1    Int: 11    God:    Lugonu [**....]
Gold:   225        SH:  0    Dex: 10    Spells: 8/8 levels left

rFire    . . .     SeeInvis .   e - +1 falchion (holy)
rCold    . . .     Faith    .   d - +2 buckler
rNeg     . . .     Spirit   .   s - +0 crystal plate armour
rPois    .         Reflect  .   (no helmet)
rElec    .         Harm     .   (no cloak)
rCorr    .                      n - +2 pair of gloves
MR       .....                  (no barding)
Stlth    ..........             j - amulet of magic regeneration
HPRegen  0.22/turn              (no ring)
MPRegen  0.38/turn              (no ring)

@: paralysed, lethally poisoned (0 -> -23), very quick
A: large, hooves 3, deformed body, speed 2, tough skin 3
a: Depart the Abyss, Bend Space, Renounce Religion


You were on level 7 of the Dungeon.
You worshipped Lugonu.
Lugonu was pleased with you.
You were hungry.

You visited 1 branch of the dungeon, and saw 8 of its levels.
You visited the Abyss 1 time.

You collected 285 gold pieces.
You spent 60 gold pieces at shops.

Inventory:

Hand Weapons
 a - a +1 hand axe
 e - a +1 falchion of holy wrath (weapon)
 m - a +0 broad axe
Armour
 d - a +2 buckler (worn)
 n - a +2 pair of gloves (worn)
 s - a +0 crystal plate armour (worn)
Jewellery
 j - an amulet of magic regeneration (around neck)
Wands
 o - a wand of polymorph (6)
 r - a wand of iceblast (11)
Scrolls
 b - a scroll of fear
 g - 5 scrolls of remove curse
 h - 9 scrolls of identify
 i - 5 scrolls of magic mapping
 l - 3 scrolls of enchant armour
 p - a scroll of blinking
 t - 4 scrolls of teleportation
Potions
 f - 4 potions of heal wounds
Comestibles
 c - 19 rations
 k - 2 chunks of flesh


   Skills:
 + Level 4.9 Fighting
 + Level 5.3 Long Blades
 + Level 2.8 Axes
 * Level 6.1 Armour
 + Level 1.8 Dodging
 * Level 3.5 Shields
 * Level 5.5 Invocations


You had 8 spell levels left.
You didn't know any spells.
Your spell library contained the following spells:

 Spells                   Type           Power        Failure   Level  Hunger
 Animate Skeleton         Necr           N/A          100%        1    ##.....
 Apportation              Tloc           #.....       100%        1    ##.....
 Corona                   Hex            #......      100%        1    ##.....
 Summon Small Mammal      Summ           #...         100%        1    ##.....


Dungeon Overview and Level Annotations

Branches:
Dungeon (8/15)             Temple (0/1) D:7
   Lair: D:8-11

Altars:
Fedhas
Hepliaklqana
Okawaru
Qazlal
Ru
Sif Muna
Wu Jian

Shops:
D:5 !

Annotations:
D:7 2 transporters, Sickboy's ghost, novice GnSk


Innate Abilities, Weirdness & Mutations

You have hooves in place of feet.
Armour fits poorly on your strangely shaped body.
You cover ground very quickly.
You have extremely tough skin. (AC +3)


Message History

Unknown command.
Aiming: Polymorph
Press: ? - help, Shift-Dir - straight line, f - hornet
Aim: a hornet (lightly wounded, chance to defeat MR: 37%)
The hornet easily resists.
* * * LOW HITPOINT WARNING * * *
You feel sick.
The hornet stings you but does no damage.
The hornet stings you.
* * * LOW HITPOINT WARNING * * *
You suddenly lose the ability to move!
* * * LOW HITPOINT WARNING * * *
You feel sick. The hornet stings you.
* * * LOW HITPOINT WARNING * * *
You are more poisoned.
You shrug off the repeated paralysis!
* * * LOW HITPOINT WARNING * * *
You feel very sick. The hornet stings you!
You die...

.........#...........#........#
#...##..###..###.....##.......###
######..########..<..##..........
......................#.......###
.........................©.......
......>............#############.
#...##..###..###t.#####..yW.#####
#...##..####+###y###...#...#...##
#..............#@##Wy#..###..#..#
'...........)>[..###.#%#%..#...##
#............†....# ###..#..### #
##..###'########.###...#y..#.#.##
###'###..###.....##..#..###y.#..#
....(#...........###.y.#...#...##
...#####..........#####!yyy"#####
...##_##........#..#############.
...##'##.................©.......


You could see a hornet and a crocodile.

Vanquished Creatures
  Pikel (D:4)
  A hippogriff (D:7)
  Menkaure (D:7)
  A sky beast (D:8)
  An ice beast (D:6)
  2 phantoms (D:7)
  A black bear (D:7)
  2 centaurs
  4 ogres
  3 bullfrogs
  A scorpion (D:5)
  9 killer bees
  A bullfrog zombie (D:6)
  A gnoll shaman (D:6)
  4 hounds
  A jelly (D:6)
  Jessica (D:3)
  4 worker ants
  A howler monkey zombie (D:5)
  14 gnolls
  A howler monkey skeleton (D:7)
  3 adders
  An ufetubus (D:7)
  4 oozes
  3 worms
  A dart slug (D:1)
  3 leopard geckos
  6 orcs
  2 ball pythons
  2 giant cockroaches
  3 goblins
  5 hobgoblins
  2 kobolds
  2 quokkas
  A ball python zombie (D:5)
  4 bats
  2 frilled lizards
  6 rats
105 creatures vanquished.

Notes
Turn   | Place    | Note
-------+----------+-------------------------------------------
     0 | Abyss:1  | Gargoyl the Centaur Abyssal Knight began the quest for the
                  | Orb.
     0 | Abyss:1  | Reached XP level 1. HP: 19/19 MP: 2/2
     2 | Abyss:1  | Found a corrupted altar of Lugonu.
    13 | Abyss:1  | Noticed an earth elemental
    18 | Abyss:1  | Noticed a thrashing horror
    21 | D:1      | Escaped the Abyss
   105 | D:1      | Reached XP level 2. HP: 26/26 MP: 3/3
   230 | D:1      | Reached * piety under Lugonu
   887 | D:2      | Reached XP level 3. HP: 7/31 MP: 4/4
  1392 | D:3      | Reached XP level 4. HP: 12/38 MP: 6/6
  1616 | D:3      | Reached skill level 2 in Armour
  2474 | D:3      | Reached skill level 1 in Dodging
  2560 | D:3      | Found a sacrificial altar of Ru.
  2693 | D:3      | Reached XP level 5. HP: 42/45 MP: 7/7
  2844 | D:3      | Noticed Jessica
  2850 | D:3      | Killed Jessica
  2961 | D:3      | Found a stormy altar of Qazlal.
  3173 | D:4      | Reached skill level 1 in Long Blades
  3454 | D:4      | Noticed a lemure
  3454 | D:4      | Noticed a lemure
  3454 | D:4      | Noticed a lemure
  3454 | D:4      | Noticed a lemure
  3455 | D:4      | Noticed Pikel
  3490 | D:4      | Killed Pikel
  3490 | D:4      | Reached skill level 3 in Armour
  3490 | D:4      | Reached skill level 1 in Shields
  3490 | D:4      | Reached XP level 6. HP: 17/52 MP: 8/8
  3490 | D:4      | Reached XP level 7. HP: 19/58 MP: 9/9
  4124 | D:4      | Reached skill level 4 in Armour
  4577 | D:5      | Entered Level 5 of the Dungeon
  4896 | D:5      | Found Pasoj's Distillery.
  4910 | D:5      | Bought a potion of heal wounds for 60 gold pieces
  5636 | D:5      | Reached XP level 8. HP: 66/66 MP: 11/11
  6049 | D:6      | Reached ** piety under Lugonu
  6527 | D:6      | Found a blossoming altar of Fedhas.
  6547 | D:6      | Reached skill level 5 in Armour
  7290 | D:7      | Noticed a hippogriff
  7292 | D:7      | Found a staircase to the Ecumenical Temple.
  7306 | D:7      | Killed a hippogriff
  7561 | D:7      | Noticed Menkaure
  7573 | D:7      | Killed Menkaure
  7573 | D:7      | Reached skill level 5 in Invocations
  7669 | D:7      | Noticed Sickboy's ghost (novice GnSk)
  7752 | D:6      | Reached XP level 9. HP: 68/72 MP: 12/12
  8357 | D:6      | Found a hazy altar of Hepliaklqana.
  8360 | D:6      | Found an iron altar of Okawaru.
  8652 | D:6      | Found an ornate altar of the Wu Jian Council.
  8741 | D:7      | Found a transporter.
  8745 | D:7      | Found a transporter.
  8885 | D:7      | Reached skill level 5 in Long Blades
  8897 | D:7      | Reached skill level 6 in Armour
  9029 | D:7      | Found a shimmering blue altar of Sif Muna.
  9598 | D:8      | Noticed a death yak
  9766 | D:7      | Paralysed by a hornet for 1 turns
  9783 | D:7      | Paralysed by a hornet for 3 turns
  9785 | D:7      | Slain by a hornet

Illustrated notes

Levels and vault maps discovered:
D:1:      minmay_arrival_four_loops, layout_rooms
D:2:      layout_basic, first_ration
D:3:      layout_basic, marbit_many_paths, nicolae_qazlal_eye_of_the_storm,
          uniq_jessica
D:4:      layout_loops_ring, uniq_pikel
D:5:      layout_cave_pods, serial_shops, shop, minmay_misc_feat_secret_circle
D:6:      layout_gridville, kennysheep_mini, kennysheep_little_box,
          grunt_temple_overflow_open
D:7:      layout_gridville, minmay_temple_entry_trees, gammafunk_ghost_hive,
          lemuel_blue_sif_altar, uniq_menkaure
D:8:      layout_cave_pools, nicolae_overflow_quartered_altars,
          dpeg_lair_monsters, special_room [special_room_kobold]

Skill      XL: |  1  2  3  4  5  6  7  8  9 |
---------------+----------------------------+-----
Axes           | 2 |  2.8
Armour         | 2 3 4 5 6 |  6.1
Dodging        | 1 |  1.8
Invocations    | 3 4 5 |  5.5
Long Blades    | 2 4 5 |  5.3
Shields        | 1 2 3 |  3.5
Fighting       | 4 |  4.9

Action                   |  1- 3 |  4- 6 |  7- 9 || total
-------------------------+-------+-------+-------++-------
Melee: Hand axe          |    30 |       |       ||    30
       Kick              |     7 |    28 |    96 ||   131
       Falchion          |    22 |   117 |   436 ||   575
Invok: Depart the Abyss  |     1 |       |       ||     1
Evoke: Wand              |       |       |     2 ||     2
  Use: Potion            |       |     2 |     6 ||     8
       Scroll            |       |       |     9 ||     9
  Eat: Chunk             |       |     6 |    15 ||    21
       Ration            |       |       |     1 ||     1
Armor: Leather armour    |    17 |       |       ||    17
       Ring mail         |     1 |    39 |    13 ||    53
       Chain mail        |       |       |   125 ||   125
       Skin              |       |       |    52 ||    52
       Crystal plate arm |       |       |   189 ||   189
Dodge: Dodged            |    27 |    34 |    86 ||   147
Block: Buckler           |    13 |    30 |   167 ||   210
       Rpst.: Falchion   |     5 |    10 |    21 ||    36

Table legend:
 A = Non-vault XP
 B = Vault XP
 C = Vault XP percentage of total XP
 D = Non-vault monster count
 E = Vault monster count
 F = Vault count percentage of total count
                 A         B        C        D         E       F
            +---------+---------+-------+---------+---------+-------
      Total |    3316 |     846 |  20.3 |     101 |       4 |   3.8
            +---------+---------+-------+---------+---------+-------
        D:1 |      30 |       0 |   0.0 |       9 |       0 |   0.0
        D:2 |      77 |       0 |   0.0 |      11 |       0 |   0.0
        D:3 |      99 |      42 |  29.8 |      20 |       2 |   9.1
        D:4 |     164 |     629 |  79.3 |       4 |       1 |  20.0
        D:5 |     459 |       0 |   0.0 |      13 |       0 |   0.0
        D:6 |    1032 |       0 |   0.0 |      20 |       0 |   0.0
        D:7 |    1234 |     175 |  12.4 |      22 |       1 |   4.3
        D:8 |     221 |       0 |   0.0 |       2 |       0 |   0.0
            +---------+---------+-------+---------+---------+-------
